AoeStats
← Abetterhandle

Lombardia

510271270Analyzed
4v4 RM · 2d ago on Sep 30, 2026· 41m 27s· 8 players
Game mode
Random Map
Map size
Large (8 player)
Population
200
Speed
Normal
Resources
Standard
Victory
Conquest
Starting age
Dark Age
Ending age
Imperial Age
RankedLock teamsTeams togetherTeam positionsShared explorationLock speedFull tech treeHidden civsTurbo modeCheats
Victory
Defeat
🇨🇳 Mongols · China
1016
+8
🇨🇳 Huns · China
936
+11
933
+11
🇳🇿 Varangians · New Zealand
907
+12
🇬🇧 Malay · United Kingdom
890
-13
🇧🇪 Italians · Belgium
836
-11
🇹🇼 Huns · Taiwan
777
-9
🇺🇸 Mongols · United States
772
-9
812508893
11:03 Feudal Age
11:32 Double-Bit Axe
14:59 Castle Age
13:29 Horse Collar
16:17 Bow Saw
16:10 Heavy Plow
23:42 Wheelbarrow
25:28 Hand Cart
25:14 Gold Mining
28:01 Marauders
28:03 Husbandry
28:15 Bloodlines
31:00 Imperial Age
30:00 Gold Shaft Mining
29:18 Stone Mining
30:10 Forging
30:05 Scale Barding Armor
32:05 Iron Casting
31:54 Caravan
31:27 Elite Tarkan
34:00 Blast Furnace
33:30 Chain Barding Armor
35:12 Conscription
38:08 Plate Barding Armor
清澄和衔蝉
0:31 Loom
12:03 Feudal Age
12:29 Horse Collar
12:36 Double-Bit Axe
19:44 Castle Age
20:36 Heavy Plow
20:50 Bow Saw
26:39 Wheelbarrow
26:29 Gold Mining
29:51 Fletching
33:35 Imperial Age
32:01 Padded Archer Armor
32:58 Bodkin Arrow
35:48 Bracer
35:12 Elite Mangudai
36:41 Gold Shaft Mining
37:13 Chemistry
36:52 Leather Archer Armor
37:33 Conscription
37:13 Elite Mangudai
38:26 Hand Cart
38:41 Thumb Ring
39:04 Parthian Tactics
39:36 Caravan
Ana Nzinga of Mbande Ndogo
9:00 Loom
11:51 Feudal Age
12:49 Double-Bit Axe
17:09 Castle Age
19:35 Horse Collar
21:55 Bow Saw
22:06 Heavy Plow
24:37 Gold Mining
24:37 Stone Mining
29:07 Wheelbarrow
29:01 Town Watch
30:08 Hand Cart
35:00 Imperial Age
32:09 Pikeman
32:40 Light Cavalry
33:21 Husbandry
33:15 Crossbowman
34:01 Thumb Ring
34:23 Elite Skirmisher
35:16 Fletching
35:32 Scale Barding Armor
36:03 Scale Mail Armor
36:19 Capped Ram
37:22 Bodkin Arrow
37:49 Ballistics
38:30 Chemistry
38:19 Conscription
38:10 Arbalester
40:38 Murder Holes
Abetterhandle
1:57 Loom
11:25 Feudal Age
16:16 Castle Age
15:09 Forging
15:27 Horse Collar
15:37 Double-Bit Axe
19:44 Bloodlines
22:28 Heavy Plow
23:19 Husbandry
25:30 Wheelbarrow
24:46 Town Watch
29:17 Hand Cart
32:02 Imperial Age
29:35 Town Patrol
30:38 Scale Barding Armor
32:30 Chain Barding Armor
32:46 Iron Casting
32:06 Cavalier
MafiaTurkish58
14:47 Feudal Age
20:14 Castle Age
19:38 Double-Bit Axe
27:56 Fortified Wall
29:05 Bow Saw
28:40 Horse Collar
29:27 Gold Mining
30:57 Stone Mining
34:54 Imperial Age
33:02 Wheelbarrow
32:17 Town Watch
33:12 Heavy Plow
33:55 Stone Shaft Mining
34:33 Padded Archer Armor
34:23 Fletching
35:00 Silk Road
37:18 Chemistry
36:54 Town Patrol
37:36 Hoardings
aaaaa
0:43 Loom
14:56 Feudal Age
21:06 Double-Bit Axe
21:13 Horse Collar
23:10 Stone Mining
23:13 Gold Mining
27:24 Castle Age
28:43 Bow Saw
32:04 Scale Mail Armor
32:14 Forging
32:10 Scale Barding Armor
33:12 Caravan
35:23 Husbandry
35:34 Bloodlines
BLOOD FART
12:48 Feudal Age
12:34 Loom
12:34 Horse Collar
12:40 Double-Bit Axe
14:57 Gold Mining
15:36 Stone Mining
23:40 Castle Age
23:39 Heavy Plow
23:53 Bow Saw
24:42 Gold Shaft Mining
24:46 Stone Shaft Mining
26:46 Wheelbarrow
27:11 Forging
30:20 Imperial Age
28:32 Iron Casting
28:26 Caravan
31:00 Blast Furnace
30:18 Hand Cart
30:43 Conscription
30:57 Squires
30:43 Arson
32:09 Crop Rotation
32:17 Elite Karambit Warrior
Dora Explora
8:06 Loom
10:01 Feudal Age
13:42 Double-Bit Axe
15:04 Horse Collar
16:25 Wheelbarrow
21:33 Castle Age
20:24 Gold Mining
21:25 Bloodlines
23:06 Bow Saw
23:38 Stone Mining
24:23 Heavy Plow
25:48 Stone Shaft Mining
27:00 Hand Cart
29:10 Fletching
29:20 Padded Archer Armor
30:06 Bodkin Arrow
30:19 Husbandry
31:04 Caravan
35:02 Imperial Age
33:42 Leather Archer Armor
35:11 Elite Mangudai
35:54 Bracer
36:49 Gold Shaft Mining
38:52 Conscription
38:54 Drill
38:35 Nomads
39:11 Hoardings
Connection lost

Rejoining the realm…

Still unreachable

The connection could not be restored.

Session expired

The server has moved on; the page needs a fresh start.